Map: Dusk Towers

Players

Mix

  • Race: Zerg Zerg
  • League: Grandmaster

Miszu - Winner!

  • Race: Terran Terran
  • League: Grandmaster

VOD

Have the link to the VOD?

Description

Time

  • Played on: Feb. 19, 2016, 6:28 p.m.
  • Length: 5:41
Show
View Real Time Build Order
Export as new Build Order

Mix Zerg 

Build Orders: Pool First 

Get SALT Encoding   

  12  0:02  Drone  
  13  0:10  Drone  
  14  0:17  Overlord  
  14  0:28  Extractor  
  13  0:29  Extractor, Drone  
  13  0:30  Drone  
  16  0:36  Drone  
  17  0:47  Spawning Pool  
  16  0:52  Drone  
  17  0:57  Extractor  
  16  1:04  Drone  
  16  1:10  Drone  
  18  1:22  Hatchery  
  17  1:35  Queen  
  17  1:38  Zergling x4  
  21  1:46  Overlord  
  22  1:54  Drone  
  22  2:17  Queen  
  24  2:23  Drone x3  
  27  2:39  Drone x2  
  29  2:54  Drone  
  29  2:55  Drone x3  
  29  2:56  Overlord  
  29  2:57  Drone  
  34  2:59  Metabolic Boost  
  34  3:02  Roach Warren  
  33  3:07  Overlord x2  
  33  3:29  Drone x4  
  37  3:43  Roach x4  
  37  3:45  Roach  
  47  3:52  Overlord, Drone  
  47  3:53  Drone  
  49  4:14  Extractor, Drone x3  
  49  4:15  Extractor, Drone x3  
  49  4:16  Hatchery  
  52  4:18  Drone x2  
  52  4:24  Drone  
  55  4:45  Drone x4  
  58  4:46  Overlord x2  
  59  4:59  Ravager  
  59  5:06  Ravager x2  
  61  5:07  Drone x5  
  61  5:08  Drone  
Show
View Real Time Build Order
Export as new Build Order

Miszu Terran - Winner!

Build Orders: Liberator Opening 

Get SALT Encoding   

  12  0:00  SCV  
  13  0:13  SCV  
  14  0:20  Supply Depot  
  14  0:26  SCV  
  15  0:42  SCV  
  16  0:43  Barracks  
  16  0:46  Refinery  
  16  0:54  SCV  
  17  1:06  SCV  
  18  1:18  SCV  
  19  1:30  Orbital Command  
  19  1:31  Barracks Reactor  
  19  1:40  Command Center  
  19  1:52  Supply Depot  
  19  1:55  SCV  
  20  2:07  Refinery  
  20  2:08  SCV  
  21  2:13  Factory  
  21  2:20  SCV  
  22  2:27  Marine x2  
  24  2:32  SCV  
  26  2:44  SCV  
  26  2:47  Marine x2  
  28  2:57  Starport, Factory Tech Lab  
  29  2:59  SCV, Orbital Command  
  29  3:05  Marine x2  
  31  3:11  SCV  
  32  3:23  SCV  
  32  3:26  SCV  
  34  3:31  Command Center  
  34  3:35  SCV  
  34  3:37  Liberator  
  34  3:39  SCV  
  36  3:47  SCV  
  37  3:51  Fusion Core  
  37  3:52  SCV  
  41  3:55  Factory Tech Lab  
  41  3:57  Marine x2  
  41  3:59  SCV  
  44  4:04  SCV  
  45  4:11  SCV  
  45  4:13  Supply Depot  
  46  4:20  Liberator  
  46  4:22  Supply Depot  
  46  4:35  SCV x2  
  51  4:44  Marine x2  
  54  4:47  SCV x2  
  54  4:48  Orbital Command  
  54  4:49  Barracks  
  54  4:51  Barracks  
  55  4:53  Refinery  
  55  4:54  Refinery  
  55  4:59  SCV x2  
  57  5:11  SCV x2, Orbital Command  
  60  5:16  Marine x2  
  61  5:20  Engineering Bay  
  61  5:21  Engineering Bay  
  61  5:23  SCV x2  
  61  5:37  Barracks Tech Lab  
  61  5:38  Barracks Tech Lab  
Tags
 
Add a new tag
Caveats
  • Supply blocks, unpowered buildings, or Contaminate may cause inaccurate times.
  • Supply counts are checked every 10 seconds.